[ AOE2 MATCH · #495417918 ]
UnrankedMongols vs Bohemians
Player's team · LOSS
Rival team · WIN
[ REPLAY ANALYSIS · EXTRACTED FROM THE RECORDED GAME ]
Feudal
10:37
Castle
19:03
Imperial
—
| APM avg | 58.7 |
| APM peak | 108 |
| eAPM avg | 22.9 |
| Villagers / military | 54 / 9 |
Focus
⚔️ 30.6% · 🌾 69.4%
Militia ×7 · Mangonel ×2
Feudal
10:55
Castle
14:58
Imperial
—
| APM avg | 57.5 |
| APM peak | 110 |
| eAPM avg | 22.0 |
| Villagers / military | 30 / 19 |
Focus
⚔️ 53.4% · 🌾 46.6%
Hussite Wagon ×19
Match map
Initial resources + every placement click. Lines = walls · curves = elevation contours. ◆ gold · ⬟ stone · ● berries · ✦ relic · ◌ wall gap
Your base· ✓ Closed at 19:03 · 54t walls · no gate
RedPhosphoru's base· Open — 12t gap
Smoothed initial terrain · ◌ = detected wall gap · hover for details
Inputs per minute
— mordicchiotto - - RedPhosphoru
Build order — mordicchiotto
123 actions detected in the replay
| 0:00 | Queue | Villager (Male) |
| 0:00 | Queue | Villager (Male) |
| 0:01 | Build | House |
| 0:02 | Build | House |
| 0:09 | Queue | Villager (Male) |
| 0:09 | Queue | Villager (Male) |
| 0:09 | Queue | Villager (Male) |
| 1:23 | Queue | Villager (Male) |
| 1:23 | Queue | Villager (Male) |
| 1:48 | Queue | Villager (Male) |
| 1:48 | Queue | Villager (Male) |
| 2:21 | Build | Lumber Camp |
| 2:29 | Queue | Villager (Male) |
| 2:29 | Queue | Villager (Male) |
| 2:29 | Queue | Villager (Male) |
| 2:41 | Queue | Villager (Male) |
| 2:41 | Queue | Villager (Male) |
| 2:41 | Queue | Villager (Male) |
| 3:15 | Queue | Villager (Male) |
| 3:15 | Queue | Villager (Male) |
| 3:28 | Queue | Villager (Male) |
| 3:29 | Queue | Villager (Male) |
| 3:49 | Queue | Villager (Male) |
| 3:49 | Queue | Villager (Male) |
| 4:01 | Build | House |
| 4:05 | Queue | Villager (Male) |
| 4:05 | Queue | Villager (Male) |
| 4:05 | Queue | Villager (Male) |
| 4:19 | Queue | Villager (Male) |
| 4:19 | Queue | Villager (Male) |
| 4:19 | Queue | Villager (Male) |
| 4:36 | Build | Barracks |
| 4:58 | Queue | Villager (Male) |
| 4:59 | Queue | Villager (Male) |
| 4:59 | Queue | Villager (Male) |
| 5:29 | Queue | Villager (Male) |
| 5:30 | Queue | Villager (Male) |
| 5:46 | Build | House |
| 5:48 | Queue | Militia |
| 6:08 | Research | Loom |
| 6:09 | Research | Loom |
| 6:20 | Queue | Militia |
| 6:20 | Queue | Militia |
| 6:21 | Queue | Villager (Male) |
| 6:25 | Build | Mining Camp |
| 6:49 | Queue | Villager (Male) |
| 6:54 | Queue | Villager (Male) |
| 7:11 | Build | Mill |
| 7:28 | Queue | Villager (Male) |
| 7:29 | Build | House |
| 7:31 | Queue | Militia |
| 7:38 | Queue | Villager (Male) |
| 7:54 | Queue | Villager (Male) |
| 8:27 | Research | Feudal Age |
| 8:27 | Research | Feudal Age |
| 8:53 | Queue | Militia |
| 8:55 | Build | Farm |
| 8:56 | Build | Farm |
| 9:14 | Queue | Militia |
| 9:28 | Build | Farm |
| 9:40 | Queue | Militia |
| 10:01 | Queue | Villager (Male) |
| 10:12 | Build | Mining Camp |
| 10:27 | Queue | Villager (Male) |
| 10:37 | Age | Feudal Age |
| 10:40 | Build | Watch Tower |
| 10:43 | Research | Man-at-Arms (upgrade) |
| 10:43 | Research | Man-at-Arms (upgrade) |
| 11:05 | Build | House |
| 11:27 | Research | Arson |
| 11:28 | Research | Arson |
| 11:42 | Queue | Villager (Male) |
| 12:12 | Queue | Villager (Male) |
| 12:12 | Queue | Villager (Male) |
| 12:13 | Build | Farm |
| 12:14 | Build | Farm |
| 12:25 | Queue | Villager (Male) |
| 12:25 | Queue | Villager (Male) |
| 13:06 | Queue | Villager (Male) |
| 13:06 | Queue | Villager (Male) |
| 13:08 | Build | Farm |
| 13:11 | Build | Farm |
| 13:21 | Build | Mill |
| 13:39 | Build | Watch Tower |
| 13:47 | Build | House |
| 13:55 | Build | Stone Wall |
| 13:56 | Build | Stone Wall |
| 13:56 | Build | Stone Wall |
| 13:56 | Build | Stone Wall |
| 14:28 | Build | House |
| 14:31 | Queue | Villager (Male) |
| 15:02 | Queue | Villager (Male) |
| 15:05 | Build | Market |
| 15:10 | Build | House |
| 15:17 | Queue | Villager (Male) |
| 15:48 | Queue | Villager (Male) |
| 16:04 | Build | Blacksmith |
| 16:23 | Research | Castle Age |
| 16:23 | Research | Castle Age |
| 16:40 | Build | Stone Wall |
| 16:43 | Build | Stone Wall |
| 16:49 | Build | Stone Wall |
| 16:54 | Build | Stone Wall |
| 17:01 | Build | Stone Wall |
| 17:13 | Build | Stone Wall |
| 17:43 | Queue | Villager (Male) |
| 18:21 | Build | House |
| 18:33 | Build | Mining Camp |
| 18:37 | Build | Mining Camp |
| 18:42 | Research | Double-Bit Axe |
| 18:44 | Research | Gold Mining |
| 18:44 | Research | Gold Mining |
| 19:03 | Age | Castle Age |
| 19:05 | Build | House |
| 19:06 | Queue | Villager (Male) |
| 19:18 | Build | Siege Workshop |
| 19:37 | Build | House |
| 19:42 | Build | Palisade Wall |
| 19:48 | Queue | Mangonel |
| 20:33 | Queue | Villager (Male) |
| 20:47 | Build | House |
| 21:09 | Build | Stone Wall |
| 21:27 | Queue | Mangonel |
Build order — RedPhosphoru
114 actions detected in the replay
| 0:00 | Queue | Villager (Male) |
| 0:00 | Queue | Villager (Male) |
| 0:02 | Build | House |
| 0:03 | Build | House |
| 0:08 | Queue | Villager (Male) |
| 0:10 | Queue | Villager (Male) |
| 1:33 | Queue | Villager (Male) |
| 1:51 | Queue | Villager (Male) |
| 1:51 | Queue | Villager (Male) |
| 2:22 | Queue | Villager (Male) |
| 2:30 | Queue | Villager (Male) |
| 2:35 | Build | Lumber Camp |
| 2:47 | Queue | Villager (Male) |
| 2:59 | Queue | Villager (Male) |
| 3:23 | Build | House |
| 3:30 | Queue | Villager (Male) |
| 3:53 | Build | House |
| 3:59 | Queue | Villager (Male) |
| 4:15 | Queue | Villager (Male) |
| 4:32 | Build | Palisade Wall |
| 4:53 | Queue | Villager (Male) |
| 5:04 | Queue | Villager (Male) |
| 5:11 | Queue | Villager (Male) |
| 5:14 | Build | Palisade Wall |
| 5:21 | Queue | Villager (Male) |
| 5:29 | Queue | Villager (Male) |
| 5:50 | Queue | Villager (Male) |
| 6:03 | Build | Mill |
| 6:08 | Queue | Villager (Male) |
| 6:32 | Build | Palisade Wall |
| 6:37 | Build | Palisade Wall |
| 7:16 | Build | Mining Camp |
| 7:34 | Build | Palisade Wall |
| 8:03 | Queue | Villager (Male) |
| 8:07 | Research | Loom |
| 8:12 | Build | Palisade Wall |
| 8:13 | Build | Palisade Wall |
| 8:14 | Build | Palisade Wall |
| 8:30 | Build | Palisade Wall |
| 8:33 | Research | Feudal Age |
| 9:05 | Build | Palisade Wall |
| 9:18 | Build | Palisade Wall |
| 9:19 | Build | Palisade Wall |
| 9:38 | Build | Palisade Wall |
| 9:38 | Build | Palisade Wall |
| 9:38 | Build | Palisade Wall |
| 9:39 | Build | Palisade Wall |
| 9:39 | Build | Palisade Wall |
| 10:15 | Build | Palisade Wall |
| 10:17 | Build | Palisade Wall |
| 10:41 | Build | Palisade Wall |
| 10:42 | Build | Palisade Wall |
| 10:48 | Queue | Villager (Male) |
| 10:48 | Queue | Villager (Male) |
| 10:55 | Age | Feudal Age |
| 11:07 | Build | Market |
| 11:12 | Build | Palisade Wall |
| 11:15 | Build | Palisade Wall |
| 11:16 | Build | Palisade Wall |
| 11:17 | Build | Palisade Wall |
| 11:17 | Build | Palisade Wall |
| 11:30 | Build | Blacksmith |
| 11:52 | Build | Stone Wall |
| 11:54 | Build | Stone Wall |
| 11:55 | Build | Stone Wall |
| 12:03 | Build | Stone Wall |
| 12:18 | Research | Castle Age |
| 12:28 | Build | Stone Wall |
| 12:34 | Build | Stone Wall |
| 12:34 | Build | Stone Wall |
| 12:41 | Build | Mining Camp |
| 12:47 | Build | Stone Wall |
| 12:48 | Build | Stone Wall |
| 13:04 | Build | Stone Wall |
| 13:05 | Build | Palisade Wall |
| 13:08 | Build | Stone Wall |
| 13:10 | Build | Stone Wall |
| 13:12 | Build | Stone Wall |
| 13:14 | Build | Stone Wall |
| 13:47 | Build | House |
| 13:48 | Build | House |
| 13:49 | Build | House |
| 14:00 | Build | Palisade Wall |
| 14:02 | Build | Palisade Wall |
| 14:26 | Queue | Villager (Male) |
| 14:26 | Queue | Villager (Male) |
| 14:58 | Age | Castle Age |
| 15:01 | Build | Castle |
| 15:17 | Build | Lumber Camp |
| 15:47 | Queue | Hussite Wagon |
| 15:47 | Queue | Hussite Wagon |
| 16:28 | Queue | Hussite Wagon |
| 16:42 | Build | Mining Camp |
| 17:18 | Queue | Hussite Wagon |
| 17:34 | Queue | Hussite Wagon |
| 17:34 | Queue | Hussite Wagon |
| 17:54 | Build | Palisade Gate |
| 18:15 | Queue | Hussite Wagon |
| 18:27 | Queue | Villager (Male) |
| 18:28 | Queue | Villager (Male) |
| 18:38 | Queue | Hussite Wagon |
| 18:38 | Queue | Hussite Wagon |
| 18:58 | Queue | Villager (Male) |
| 19:11 | Queue | Hussite Wagon |
| 19:11 | Queue | Hussite Wagon |
| 19:13 | Queue | Villager (Male) |
| 19:29 | Queue | Hussite Wagon |
| 19:29 | Queue | Hussite Wagon |
| 19:57 | Queue | Hussite Wagon |
| 19:58 | Queue | Hussite Wagon |
| 20:14 | Queue | Hussite Wagon |
| 20:45 | Queue | Hussite Wagon |
| 21:10 | Queue | Hussite Wagon |
| 21:29 | Queue | Hussite Wagon |
Match timeline
| 4:32 | RedPhosphoru · wall_segment Palisade Wall x3 |
| 4:36 | mordicchiotto · first_building Barracks |
| 5:14 | RedPhosphoru · wall_segment Palisade Wall x2 |
| 6:32 | RedPhosphoru · wall_segment Palisade Wall x1 |
| 6:37 | RedPhosphoru · wall_segment Palisade Wall x1 |
| 7:34 | RedPhosphoru · wall_segment Palisade Wall x1 |
| 8:12 | RedPhosphoru · wall_segment Palisade Wall x1 |
| 8:13 | RedPhosphoru · wall_segment Palisade Wall x1 |
| 8:14 | RedPhosphoru · wall_segment Palisade Wall x3 |
| 8:30 | RedPhosphoru · wall_segment Palisade Wall x3 |
| 9:05 | RedPhosphoru · wall_segment Palisade Wall x1 |
| 9:18 | RedPhosphoru · wall_segment Palisade Wall x1 |
| 9:19 | RedPhosphoru · wall_segment Palisade Wall x1 |
| 9:38 | RedPhosphoru · wall_segment Palisade Wall x2 |
| 9:38 | RedPhosphoru · wall_segment Palisade Wall x1 |
| 9:38 | RedPhosphoru · wall_segment Palisade Wall x1 |
| 9:39 | RedPhosphoru · wall_segment Palisade Wall x1 |
| 9:39 | RedPhosphoru · wall_segment Palisade Wall x1 |
| 10:15 | RedPhosphoru · wall_segment Palisade Wall x1 |
| 10:17 | RedPhosphoru · wall_segment Palisade Wall x3 |
| 10:37 | mordicchiotto · age_up feudal |
| 10:41 | RedPhosphoru · wall_segment Palisade Wall x1 |
| 10:42 | RedPhosphoru · wall_segment Palisade Wall x1 |
| 10:55 | RedPhosphoru · age_up feudal |
| 11:12 | RedPhosphoru · wall_segment Palisade Wall x1 |
| 11:15 | RedPhosphoru · wall_segment Palisade Wall x1 |
| 11:16 | RedPhosphoru · wall_segment Palisade Wall x1 |
| 11:17 | RedPhosphoru · wall_segment Palisade Wall x1 |
| 11:17 | RedPhosphoru · wall_segment Palisade Wall x1 |
| 11:52 | RedPhosphoru · wall_segment Stone Wall x1 |
| 11:54 | RedPhosphoru · wall_segment Stone Wall x1 |
| 11:55 | RedPhosphoru · wall_segment Stone Wall x1 |
| 12:03 | RedPhosphoru · wall_segment Stone Wall x1 |
| 12:10 | RedPhosphoru · first_market_sell 100 food |
| 12:28 | RedPhosphoru · wall_segment Stone Wall x1 |
| 12:34 | RedPhosphoru · wall_segment Stone Wall x1 |
| 12:34 | RedPhosphoru · wall_segment Stone Wall x1 |
| 12:47 | RedPhosphoru · wall_segment Stone Wall x1 |
| 12:48 | RedPhosphoru · wall_segment Stone Wall x1 |
| 13:04 | RedPhosphoru · wall_segment Stone Wall x1 |
| 13:05 | RedPhosphoru · wall_segment Palisade Wall x1 |
| 13:08 | RedPhosphoru · wall_segment Stone Wall x1 |
| 13:10 | RedPhosphoru · wall_segment Stone Wall x1 |
| 13:12 | RedPhosphoru · wall_segment Stone Wall x1 |
| 13:14 | RedPhosphoru · wall_segment Stone Wall x1 |
| 13:55 | mordicchiotto · wall_segment Stone Wall x1 |
| 13:56 | mordicchiotto · wall_segment Stone Wall x1 |
| 13:56 | mordicchiotto · wall_segment Stone Wall x1 |
| 13:56 | mordicchiotto · wall_segment Stone Wall x1 |
| 14:00 | RedPhosphoru · wall_segment Palisade Wall x1 |
| 14:02 | RedPhosphoru · wall_segment Palisade Wall x1 |
| 14:58 | RedPhosphoru · age_up castle |
| 15:01 | RedPhosphoru · first_building Castle |
| 15:45 | RedPhosphoru · first_market_buy 100 wood |
| 16:40 | mordicchiotto · wall_segment Stone Wall x14 |
| 16:43 | mordicchiotto · wall_segment Stone Wall x3 |
| 16:49 | mordicchiotto · wall_segment Stone Wall x6 |
| 16:54 | mordicchiotto · wall_segment Stone Wall x7 |
| 17:01 | mordicchiotto · wall_segment Stone Wall x15 |
| 17:13 | mordicchiotto · wall_segment Stone Wall x5 |
| 19:03 | mordicchiotto · age_up castle |
| 19:15 | mordicchiotto · first_market_sell 100 food |
| 19:16 | mordicchiotto · first_market_buy 100 wood |
| 19:18 | mordicchiotto · first_building Siege Workshop |
| 19:42 | mordicchiotto · wall_segment Palisade Wall x1 |
| 21:09 | mordicchiotto · wall_segment Stone Wall x2 |
| 21:39 | mordicchiotto · resign |
[ AI ANALYSIS · 1 CREDIT ]
What really happened in this match?
Wolo.gg analyzes every decision: build order, eco, micro, common mistakes by bracket. Personalized analysis on WhatsApp or Discord in 30 seconds.
Civ guide
Mongols
Perfil
Jugador #2532568